 Dungeon Crawl Stone Soup version 0.15.1-1-gfacfea3 (webtiles) character file.

21 Kashira the Chiller (level 2, 0/11 HPs)
             Began as a Felid Ice Elementalist on Sept 21, 2014.
             Slain by a ball python (1 damage)
             ... on Level 1 of the Dungeon.
             The game lasted 00:03:37 (970 turns).

Kashira the Chiller (Felid Ice Elementalist)         Turns: 970, Time: 00:03:37

HP   0/11        AC  1     Str  4      XL: 2   Next: 62%
MP   5/6         EV 18     Int 16      God:
Gold 11          SH  0     Dex 16      Spells:  2 memorised,  2 levels left
Lives: 0, deaths: 0

rFire  . . .     SeeInvis +     (weapon unavailable)
rCold  . . .     Clarity  .     (armour unavailable)
rNeg   . . .     rCorr    .     (shield unavailable)
rPois  .         rRot     .     (helmet unavailable)
rElec  .         Spirit   .     (cloak unavailable)
SustAb .         Warding  .     (gloves unavailable)
rMut   .         Stasis   .     (boots unavailable)
Gourm  .                        (no amulet)
MR     .....                    (no ring)
                                (no ring)

@: lethally poisoned, very slightly contaminated, constricted, quick, not
resistant to hostile enchantments, fairly stealthy
A: paw claws, no armour, no weapons or thrown items, fangs 3, see invisible,
carnivore 3, speed 1, shaggy fur 1, slow metabolism 1, jump 1
a: Jump Attack


You were on level 1 of the Dungeon.
You were not hungry.

You visited 1 branch of the dungeon, and saw 1 of its levels.

You collected 11 gold pieces.

Inventory:

Comestibles
 c - 2 meat rations
Scrolls
 d - a scroll of enchant weapon
 e - 2 scrolls of teleportation
 h - 2 scrolls of identify
Potions
 a - a potion of restore abilities
 g - a potion of degeneration {unknown}
Books
 b - a book of Frost

   Spells                             Type                      Level
   *Freeze                            Ice                          1
   *Throw Frost                       Conjuration/Ice              2
   Ozocubu's Armour                   Charms/Ice                   3
   Throw Icicle                       Conjuration/Ice              4
   Summon Ice Beast                   Ice/Summoning                4
   Condensation Shield                Ice                          4


   Skills:
 + Level 2.9 Dodging
 - Level 2.6 Stealth
 + Level 2.3 Spellcasting
 + Level 0.8 Conjurations
 + Level 3.2 Ice Magic


You had 2 spell levels left.
You knew the following spells:

 Your Spells              Type           Power        Failure   Level  Hunger
a - Freeze                Ice            ##..         8%          1    #......
b - Throw Frost           Conj/Ice       #.....       14%         2    ##.....


Dungeon Overview and Level Annotations

Branches:
Dungeon (1/15)

Altars:


Innate Abilities, Weirdness & Mutations

You cannot wear armour.
You are incapable of wielding weapons or throwing items.
Your paws have sharp claws.
You have razor-sharp teeth.
You have supernaturally acute eyesight.
You are carnivorous and can eat meat at any time.
You cover ground quickly.
You are covered in fur (AC +1).
You have a slow metabolism.
You can jump attack at a short distance.


Message History

You aren't carrying any items that can be evoked.
Unknown command.
Put on which piece of jewellery? (? for menu, Esc to quit)
f - a ring of see invisible (left paw)
Casting: Throw Frost
Confirm with . or Enter, or press ? or * to list all spells.
Okay, then.
Drop what? (_ for help) (? for menu, Esc to quit)
You remove your ring of see invisible.
The ball python barely misses you. The ball python grabs you.
The ball python constricts you.
You drop an uncursed ring of see invisible.
The gnoll hits you from afar with a glowing spear.
You are lethally poisoned!
The ball python misses you. The ball python constricts you.
Your attempt to break free from the ball python fails, but you feel that another attempt might succeed.
* * * LOW HITPOINT WARNING * * *
You feel sick. The ball python bites you.
* * * LOW HITPOINT WARNING * * *
You die...

# #.
#####..######## ##
# #. #.......... #
.
.########..########
# ....>.S..l.# #
#####.###..# # #..#
# #g.# # #S.# ##
#@.# #.# #. #..#
... #. #..######.#
#g# #. #..........
#.# #. #.#######.#
#.#
#.#############.#
#.# ##.#
#.....g.........#
.#.. ...
#..############.#
.#.# #.# #..#
#.######.#..## #.#


You could see a gnoll, a ball python and a giant newt.

Vanquished Creatures
  A giant cockroach (D:1)
  A goblin (D:1)
  5 hobgoblins (D:1)
  A kobold (D:1)
  An ooze (D:1)
  5 bats (D:1)
  2 giant newts (D:1)
  2 rats (D:1)
18 creatures vanquished.

Notes
Turn   | Place    | Note
--------------------------------------------------------------
     0 | D:1      | Kashira, the Felid Ice Elementalist, began the quest for the Orb.
     0 | D:1      | Reached XP level 1. HP: 7/7 MP: 4/4
   327 | D:1      | Reached XP level 2. HP: 11/11 MP: 2/5
   362 | D:1      | Learned a level 2 spell: Throw Frost
   522 | D:1      | Reached skill level 3 in Ice Magic
   970 | D:1      | Slain by a ball python

Action                   || total
-------------------------++-------
Melee: Unarmed           ||     4
 Cast: Freeze            ||    27
       Throw Frost       ||     3
 Abil: Jump Attack       ||     1
  Use: Scroll            ||     4
  Eat: Chunk             ||     3
